 Dungeon Crawl Stone Soup version 0.27-a0-40-g5f2be0e231 (webtiles) character file.

Game seed: 10713906746321912023

14417 Jerry the Basher (level 11, -2/169 HPs)
             Began as a Troll Chaos Knight on Jan 5, 2021.
             Was an Initiate of Gozag.
             Slain by an orc warrior
             ... wielding a cursed -2 glaive
             ... led by an orc knight
              (17 damage)
             ... on level 1 of the Orcish Mines.
             The game lasted 00:54:04 (10930 turns).

Jerry the Basher (Troll Chaos Knight)              Turns: 10930, Time: 00:54:05

Health: -2/169     AC: 36    Str: 23    XL:     11   Next: 88%
Magic:  10/10      EV:  1    Int:  9    God:    Gozag
Gold:   1470       SH:  0    Dex: 10    Spells: 10/10 levels left

rFire    + . .     SeeInvis .   I - +9 lance "Wyrmbane" {slay drac, rPois rF+ rC+ AC+3}
rCold    + . .     Faith    .   (no shield)
rNeg     + + +     Spirit   .   (armour currently unavailable)
rPois    +         Reflect  .   (helmet currently unavailable)
rElec    .         Harm     .   (cloak currently unavailable)
rCorr    .         Rampage  .   (gloves unavailable)
Will     .....     NoTele   +   (boots unavailable)
Stlth    +.........             (no amulet)
HPRegen  0.78/turn              B - +4 ring of protection
MPRegen  0.12/turn              o - +4 ring of protection

@: tree-form, hasted, very quick
A: large, unfitting armour, regeneration 1, screaming 1
a: Renounce Religion, Potion Petition, Call Merchant, Bribe Branch


You were on level 1 of the Orcish Mines.
You worshipped Gozag.
Gozag was most pleased with you.
You were a tree.
You visited 3 branches of the dungeon, and saw 13 of its levels.
You also visited: Sewer.

You collected 1567 gold pieces.
You paid 97 gold pieces to Gozag.

Inventory:

Hand Weapons
 I - the +9 lance "Wyrmbane" (weapon) {slay drac, rPois rF+ rC+ AC+3}
   (You took it off Maggie on level 8 of the Dungeon)

   It affects your AC (+3).
   It protects you from fire.
   It protects you from cold.
   It protects you from poison.
Missiles
 t - 7 large rocks
Armour
 n - the +1 robe "Zusyro Myopn" {rPois rCorr MP-9 Dex+4}
   (Xom gifted it to you on level 8 of the Dungeon)

   It affects your dexterity (+4).
   It protects you from poison.
   It affects your magic capacity (-9).
   It provides partial protection from all sources of acid and corrosion.
 J - +0 swamp dragon scales (melded)
 M - a +1 robe of willpower
Jewellery
 a - an uncursed ring of protection from fire
 i - an uncursed ring of flight
 o - a +4 ring of protection (right branch)
 q - an uncursed ring of resist corrosion
 A - an uncursed ring of protection from fire
 B - a +4 ring of protection (left branch)
 K - an uncursed ring of protection from cold
Wands
 b - a wand of paralysis (8)
 F - a wand of disintegration (15)
 G - a wand of acid (7)
 L - a wand of iceblast (11)
Scrolls
 c - 5 scrolls of remove curse
 f - 2 scrolls of enchant armour
 h - 3 scrolls of teleportation
 j - 2 scrolls of magic mapping
 l - 4 scrolls of identify
 p - a scroll of blinking
 u - a scroll of fog
 v - 4 scrolls of fear
 x - a scroll of random uselessness {unknown}
 y - 4 scrolls of amnesia
 H - a scroll of enchant weapon
Potions
 d - 2 potions of invisibility
 e - 3 potions of attraction
 g - 4 potions of brilliance {unknown}
 k - 10 potions of curing
 m - a potion of flight
 r - 3 potions of lignification
 w - 5 potions of heal wounds
 z - a potion of ambrosia
 C - 2 potions of cancellation
 D - 4 potions of magic
 N - a potion of mutation {unknown}
Miscellaneous
 s - a condenser vane (quivered)


   Skills:
 + Level 8.6 Fighting
 - Level 10.3 Maces & Flails
 * Level 7.0 Polearms
 + Level 4.8 Armour
 - Level 6.8 Dodging


You had 10 spell levels left.
You didn't know any spells.
Your spell library contained the following spells:

 Spells                   Type           Power        Failure   Level
 Foxfire                  Conj/Fire      0%           38%         1
 Conjure Flame            Conj/Fire      0%           77%         3
 Inner Flame              Hex/Fire       0%           77%         3
 Sticky Flame             Conj/Fire      0%           99%         4
 Fireball                 Conj/Fire      0%           100%        5
 Irradiate                Conj/Tmut      0%           100%        5
 Hydra Form               Tmut           0%           100%        6
 Statue Form              Tmut/Erth      0%           100%        6
 Dragon Form              Tmut           0%           100%        7


Dungeon Overview and Level Annotations

Branches:
Dungeon (10/15)            Temple (1/1) D:5             Orc (2/2) D:10
  Sewer (visited)
   Lair: D:8-11         Elf: Orc:2

Altars:
Ashenzari
Cheibriados
Dithmenos
Elyvilon
Fedhas
Gozag
Hepliaklqana
Kikubaaqudgha
Makhleb
Nemelex Xobeh
Okawaru
Qazlal
Ru
Sif Muna
Uskayaw
Vehumet
Wu Jian
Xom
Yredelemnul
Zin
The Shining One

Shops:
D:5 }   D:9 :

Annotations:
D:9 2 transporters
Orc:2 Saint Roka


Innate Abilities, Weirdness & Mutations

You are too large for most types of armour.
((You have claws for hands.))
Your natural rate of healing is unusually fast.
((You are covered in fur. (AC +1)))
((You have extremely tough skin. (AC +3)))
You occasionally shout uncontrollably at your foes.


Message History

You hit the orc knight.
The orc knight is moderately wounded.
The orc sorcerer no longer looks unusually strong.
The orc priest no longer looks unusually strong.
The orc warrior completely misses you.
The orc knight roars a battlecry!
The orcs go into a battle-frenzy!
The orc hits you but does no damage. The neqoxec gestures at you.
Something tries to feed on your intellect!
You puncture the orc knight!
The orc knight is heavily wounded.
The orc sorcerer hits you but does no damage.
You hit the orc knight but do no damage.
The orc knight is heavily wounded.
The orc knight hits you but does no damage.
The orc warrior hits you from afar with a cursed -2 glaive!
You die...
Xom guffaws!
Your body crumbles into a pile of gold.

### ##o#####
#♣oo#..# ##
##oo#..##.##
##oo3......#
#.o.......# $
#.........##
#.####..........
.................
......o...#......
$
..........##.....
$


You could see an orc knight, a neqoxec (summoned), an orc sorcerer (strong), an
orc warrior (strong), 2 orc priests and 3 orcs.

Vanquished Creatures
  Rupert (Orc:1)
  Erolcha (D:10)
  3 two-headed ogres
  Urug (D:10)
  A cyclops (D:9)
  An orc sorcerer (Orc:2)
  The ghost of topfpfpflanze the Conjurer, a novice DECj of Gozag (D:6)
  A gargoyle (D:10)
  Psyche (D:10)
  Maggie (D:8)
  2 trolls (Orc:1)
  3 yaks (D:10)
  5 ice beasts
  8 orc warriors
  A black bear (D:10)
  2 necrophages
  3 sky beasts
  4 ogres
  8 phantoms
  3 centaurs
  3 big kobolds (Sewer)
  8 bullfrogs
  A wyvern zombie (D:8)
  4 scorpions
  A killer bee (Sewer)
  A howler monkey (D:4)
  2 centaur zombies
  3 bullfrog zombies
  7 hounds
  A jelly (D:7)
  12 orc priests
  A bullfrog skeleton (D:6)
  18 orc wizards
  6 iguanas
  5 worker ants
  A hound skeleton (D:9)
  5 gnolls
  21 adders
  2 river rats (Sewer)
  A shadow imp (D:5)
  A white imp (D:6)
  An ufetubus (D:4)
  3 oozes
  An adder skeleton (D:10)
  2 worms
  3 dart slugs (D:1)
  3 leopard geckos
  72 orcs
  A bat zombie (D:3)
  9 giant cockroaches
  13 goblins
  18 hobgoblins
  3 jackals
  6 quokkas
  3 ball pythons
  7 bats
  5 frilled lizards
  A jackal skeleton (D:7)
  12 kobolds
  7 rats
  2 rat zombies (D:3)
327 creatures vanquished.

Notes
Turn   | Place    | Note
-------+----------+-------------------------------------------
     0 | D:1      | Jerry the Troll Chaos Knight began the quest for the Orb.
     0 | D:1      | Reached XP level 1. HP: 22/22 MP: 0/0
   119 | D:1      | Reached skill level 3 in Maces & Flails
   120 | D:1      | Reached XP level 2. HP: 29/29 MP: 1/1
   314 | D:1      | Reached XP level 3. HP: 36/36 MP: 2/2
  1004 | D:2      | Reached XP level 4. HP: 37/44 MP: 3/3
  1159 | D:2      | Found a stormy altar of Qazlal.
  1161 | D:2      | Noticed an air elemental
  1161 | D:2      | Noticed a water elemental
  1162 | D:2      | Noticed an earth elemental
  1162 | D:2      | Noticed a fire elemental
  1433 | D:2      | Reached skill level 4 in Maces & Flails
  1509 | D:2      | Noticed an ogre
  1515 | D:2      | Killed an ogre
  1516 | D:2      | Reached XP level 5. HP: 32/53 MP: 4/4
  1674 | D:3      | Found a glowing golden altar of the Shining One.
  1789 | D:2      | XOM: silly message
  1824 | D:3      | XOM: chaos cloud
  1828 | D:3      | XOM: swap monsters
  1830 | D:3      | XOM: 2-stop teleportation journey
  1840 | D:3      | XOM: blink monster(s)
  1854 | D:3      | Reached XP level 6. HP: 45/61 MP: 5/5
  1856 | D:3      | XOM: confusion
  1859 | D:3      | XOM: blink monster(s)
  1871 | D:3      | XOM: chaos cloud
  1890 | D:3      | Reached skill level 5 in Maces & Flails
  2145 | D:3      | XOM: swap monsters
  2175 | D:3      | Found a burning altar of Makhleb.
  2186 | D:3      | XOM: torment (32/62 hp)
  2285 | D:3      | XOM: stat loss: -1 Str (21/22)
  2314 | D:3      | Found a hazy altar of Hepliaklqana.
  2321 | D:3      | Found a hide-covered altar of Uskayaw.
  2344 | D:3      | Found an ancient bone altar of Kikubaaqudgha.
  2841 | D:4      | Reached XP level 7. HP: 62/68 MP: 6/6
  3242 | D:4      | Found a shadowy altar of Dithmenos.
  3286 | D:5      | Entered Level 5 of the Dungeon
  3324 | D:5      | XOM: stat loss: -1 Int (7/8)
  3375 | D:5      | XOM: smoke on damage
  3375 | D:5      | XOM: torment (29/68 hp)
  3404 | D:5      | Found a glowing drain.
  3413 | Sewer    | Entered a sewer
  3444 | Sewer    | XOM: noise
  3457 | Sewer    | XOM: polymorph river rat -> killer bee
  3531 | Sewer    | XOM: 2-stop teleportation journey
  3561 | Sewer    | XOM: swap monsters
  3571 | Sewer    | Reached skill level 6 in Maces & Flails
  3575 | Sewer    | XOM: 2-stop teleportation journey
  3584 | Sewer    | XOM: potion effect (might)
  3648 | Sewer    | XOM: god gift: condenser vane
  4009 | D:5      | Reached XP level 8. HP: 69/79 MP: 7/7
  4076 | D:5      | Found a staircase to the Ecumenical Temple.
  4096 | Temple   | XOM: stealth player
  4096 | Temple   | Entered the Ecumenical Temple
  4465 | D:5      | Found Qixaudgh's Gadget Shop.
  4548 | D:5      | XOM: summons 6 friendly demons
  4616 | D:5      | XOM: cloud trail
  4651 | D:6      | XOM: noise
  4653 | D:6      | XOM: summons friendly shadow imp
  4658 | D:6      | XOM: fake destruction
  4662 | D:6      | Reached skill level 7 in Maces & Flails
  4668 | D:6      | XOM: cast spell 'Discord'
  4711 | D:6      | XOM: cast spell 'Chain of Chaos'
  4724 | D:6      | Reached skill level 5 in Fighting
  4749 | D:6      | XOM: smoke on damage
  4886 | D:6      | XOM: 1-stop teleportation journey
  4949 | D:6      | Reached skill level 5 in Dodging
  4960 | D:6      | XOM: god gift: 2 atropa-tipped darts
  5003 | D:6      | XOM: cleaving
  5011 | D:6      | XOM: 2-stop teleportation journey
  5124 | D:6      | Reached skill level 8 in Maces & Flails
  5205 | D:6      | Found a runed translucent door.
  5210 | D:6      | Noticed topfpfpflanze's ghost (novice DECj)
  5221 | D:6      | XOM: smoke on damage
  5223 | D:6      | XOM: potion effect (heal wounds)
  5230 | D:6      | Reached XP level 9. HP: 85/88 MP: 8/8
  5271 | D:6      | Found an opulent altar of Gozag.
  5512 | D:6      | XOM: silly message
  5515 | D:6      | XOM: silly message
  5536 | D:6      | Killed topfpfpflanze's ghost
  5659 | D:7      | XOM: potion effect (invisibility)
  5692 | D:7      | XOM: cast spell 'Leda's Liquefaction'
  5838 | D:7      | XOM: cloud trail
  5844 | D:7      | Noticed a two-headed ogre
  5854 | D:7      | Killed a two-headed ogre
  5855 | D:7      | Reached skill level 9 in Maces & Flails
  5965 | D:7      | XOM: 2-stop teleportation journey
  6003 | D:7      | XOM: divination: detect items
  6004 | D:7      | XOM: divination: detect items
  6059 | D:7      | XOM: god gift: chain mail {god gift}
  6167 | D:7      | Reached XP level 10. HP: 100/100 MP: 9/9
  6189 | D:7      | XOM: cloud trail
  6233 | D:7      | XOM: god gift: 31 sling bullets
  6342 | D:7      | Found a basalt altar of Yredelemnul.
  6485 | D:6      | XOM: cloud trail
  6583 | D:6      | Fell from the grace of Xom
  6607 | D:6      | Became a worshipper of Gozag Ym Sagoz the Greedy
  6759 | D:8      | Noticed a two-headed ogre
  6760 | D:8      | Noticed Maggie
  6823 | D:7      | Killed a two-headed ogre
  6824 | D:7      | Reached skill level 10 in Maces & Flails
  7053 | D:8      | Killed Maggie
  7085 | D:7      | XOM: give mutations
  7085 | D:7      | Gained mutation: You are dopey. (Int -2) [Xom's mischief]
  7085 | D:7      | Gained mutation: You occasionally shout uncontrollably at
                  | your foes. [Xom's mischief]
  7085 | D:7      | Lost mutation: You are dopey. (Int -2) [Xom's mischief]
  7207 | D:7      | XOM: summons 3 hostile demons
  7351 | D:7      | Reached skill level 1 in Polearms
  7619 | D:8      | Reached skill level 1 in Armour
  7722 | D:8      | XOM: noise
  8000 | D:8      | XOM: god gift: ominously black robe {god gift}
  8003 | D:8      | Got an ominously black robe {god gift}
  8004 | D:8      | Identified the +1 robe "Zusyro Myopn" {rPois rCorr MP-9
                  | Dex+4} (Xom gifted it to you on level 8 of the Dungeon)
  8124 | D:9      | XOM: summons 1 hostile demon
  8193 | D:9      | Found a transporter.
  8306 | D:9      | Found a transporter.
  8319 | D:9      | Found Dociem's Book Shop.
  8341 | D:9      | Noticed a cyclops
  8419 | D:9      | Killed a cyclops
  8792 | D:9      | Found a snail-covered altar of Cheibriados.
  9157 | D:9      | XOM: stat loss: -2 Int (7/9)
  9225 | D:10     | Entered Level 10 of the Dungeon
  9284 | D:10     | Noticed a two-headed ogre
  9298 | D:10     | Killed a two-headed ogre
  9445 | D:10     | Noticed Psyche
  9453 | D:10     | Killed Psyche
  9454 | D:10     | Reached XP level 11. HP: 108/109 MP: 10/10
  9477 | D:10     | Noticed Urug
  9488 | D:10     | Killed Urug
  9680 | D:10     | XOM: summons 2 hostile shadow creatures
  9753 | D:10     | Noticed Erolcha
  9762 | D:10     | Paralysed by Erolcha for 7 turns
  9778 | D:10     | Killed Erolcha
  9779 | D:10     | Reached skill level 5 in Polearms
 10337 | D:10     | Found a staircase to the Orcish Mines.
 10389 | Orc:1    | Entered Level 1 of the Orcish Mines
 10567 | Orc:2    | Entered Level 2 of the Orcish Mines
 10568 | Orc:2    | Noticed Rupert
 10568 | Orc:2    | Noticed an orc sorcerer
 10570 | Orc:2    | Noticed Saint Roka
 10571 | Orc:2    | Noticed a soul eater
 10571 | Orc:2    | Killed an orc sorcerer
 10605 | Orc:1    | Killed Rupert
 10867 | Orc:1    | XOM: 4-stop teleportation journey
 10889 | Orc:1    | Noticed an orc knight
 10909 | Orc:1    | Noticed an orc sorcerer
 10925 | Orc:1    | HP: 8/169 [orc knight/+1 great sword of holy wrath (4)]
 10925 | Orc:1    | HP: 3/169 [orc warrior/cursed -2 glaive[an orc knight] (5)]
 10930 | Orc:1    | Slain by an orc warrior

Illustrated notes

Levels and vault maps discovered:
D:1:      minmay_arrival_split_and_join, layout_loops_ring, solitary_fountain,
          minmay_split_cup_large
D:2:      layout_loops_ring, nicolae_qazlal_style_of_elements
D:3:      layout_rooms, lemuel_zombie_altar_kikubaaqudgha,
          nicolae_overflow_quartered_altars, serial_corexii_hall,
          chequers_hall_statues_wall_a, corexii_hall_statues_s, minmay_vboxes
D:4:      layout_gridville, lemuel_coloured_pillars_altar
D:5:      layout_basic, tgw_trog, temple_fountains, serial_shops,
          nicolae_shop_temple_entry_statues_fountains, portal_sewer_entry_d,
          chequers_serial_rivers_marsh, grunt_ministairs_11
D:6:      layout_rooms, kennysheep_mini, ebering_ghost_sewer_d
D:7:      layout_loops_ring, lemuel_round_altar
D:8:      layout_basic, uniq_maggie
D:9:      gammafunk_steamed_eel, layout_cave_pods, kennysheep_little_box,
          serial_shops, shop, minmay_fractal_squares_diagonal_5
D:10:     layout_cave_pods, hiddenorc1_lemuel, uniq_erolcha, uniq_psyche,
          uniq_urug
Temple:   minmay_temple_curvy_loop
Orc:1:    cheibrodos_orc_bank, layout_diamond_mine, serial_shops, shop_coins,
          nicolae_orc_jurassic_orc
Orc:2:    grunt_orc_tribal_feast, layout_diamond_mine, uniq_saint_roka,
          uniq_rupert

Skill      XL: |  1  2  3  4  5  6  7  8  9 10 11 |
---------------+----------------------------------+-----
Dodging        | 2 3 4 5 6 |  6.8
Maces & Flails | 3 4 5 6 8 9 10 | 10.3
Fighting       | 3 4 5 6 7 8 |  8.6
Polearms       | 4 7 |  7.0
Armour         | 2 4 |  4.8

Action                   |  1- 3 |  4- 6 |  7- 9 | 10-12 || total
-------------------------+-------+-------+-------+-------++-------
Melee: Mace              |   106 |   235 |   132 |    65 ||   538
       Quarterstaff      |       |       |   317 |    13 ||   330
       Lance             |       |       |       |   478 ||   478
Invok: Renounce Religion |       |       |       |     1 ||     1
  Use: Scroll            |       |       |    20 |     1 ||    21
       Potion            |       |       |     1 |     4 ||     5
 Stab: Sleeping          |     1 |     1 |     1 |       ||     3
       Petrified         |       |     5 |       |       ||     5
       Paralysed         |       |     5 |       |       ||     5
       Invisible         |       |     1 |     1 |       ||     2
       Confused          |       |       |     2 |       ||     2
       Distracted        |       |       |       |     2 ||     2
Armor: Robe              |    59 |   113 |   311 |    35 ||   518
       Swamp dragon scal |       |       |       |   194 ||   194
       Skin              |       |       |       |    27 ||    27
Dodge: Dodged            |    67 |   146 |   279 |   225 ||   717

Table legend: (Time is in decaauts)
 A = Elapsed time spent in this place.
 B = Non-inter-level travel time spent in this place.
 C = Inter-level travel time spent in this place.
 D = Time resting spent in this place.
 E = Time spent auto-exploring this place.
 F = Levels seen in this place.
 G = Mean time per level.
                   A        B        C        D        E       F      G
               +--------+--------+--------+--------+--------+-----+--------+
         Total |  11136 |  10686 |    450 |   1319 |   6209 |  14 |  795.4 |
       Dungeon |   9751 |   9325 |    426 |   1092 |   5602 |  10 |  975.1 |
        Temple |    210 |    186 |     24 |      0 |    186 |   1 |  210.0 |
  Orcish Mines |    448 |    448 |      0 |    227 |     52 |   2 |  224.0 |
         Sewer |    726 |    726 |      0 |      0 |    368 |   1 |  726.0 |
               +--------+--------+--------+--------+--------+-----+--------+

Top non-repeatable levels by time:
     D:7: 1575 daAuts
    D:10: 1208 daAuts
     D:9: 1107 daAuts
     D:6: 1081 daAuts
     D:3: 988 daAuts
     D:1: 945 daAuts
     D:2: 878 daAuts
     D:8: 826 daAuts
   Sewer: 726 daAuts
     D:5: 599 daAuts
     D:4: 540 daAuts
   Orc:1: 432 daAuts
  Temple: 210 daAuts
   Orc:2: 15 daAuts
